 Dungeon Crawl Stone Soup version 0.27.0-1-g7a089689b8 (webtiles) character file.

Game seed: 1455779095633473049

7279 mhtbhm the Cleaver (level 10, -6/93 HPs)
             Began as a Minotaur Berserker on Aug 2, 2021.
             Was an Elder of Trog.
             Mangled by a catoblepas (19 damage)
             ... on level 9 of the Dungeon.
             The game lasted 00:11:13 (10305 turns).

mhtbhm the Cleaver (Minotaur Berserker)            Turns: 10305, Time: 00:11:14

Health: -6/93      AC: 13    Str: 26    XL:     10   Next: 89%
Magic:  9/9        EV: 12    Int:  4    God:    Trog [****..]
Gold:   325        SH:  0    Dex:  9    Spells: 9/9 levels left

rFire    . . .     SeeInvis +   a - +2 hand axe (freeze)
rCold    + . .     Faith    .   (no shield)
rNeg     . . .     Spirit   .   b - +3 scale mail
rPois    .         Reflect  .   (helmet restricted)
rElec    .         Harm     .   k - +0 cloak
rCorr    .         Rampage  .   (no gloves)
Will     .....                  (no boots)
Stlth    +.........             (no amulet)
HPRegen  0.25/turn              h - ring of protection from cold
MPRegen  0.11/turn              v - ring of see invisible

@: about to teleport, on berserk cooldown, slowed, very slow
A: horns 2, retaliatory headbutt
a: Renounce Religion, Berserk, Trog's Hand, Brothers in Arms


You were on level 9 of the Dungeon.
You worshipped Trog.
Trog was greatly pleased with you.
You visited 1 branch of the dungeon, and saw 9 of its levels.
You also visited: Sewer.

You collected 457 gold pieces.
You spent 132 gold pieces at shops.

Inventory:

Hand Weapons
 a - a +2 hand axe of freezing (weapon)
Missiles
 x - 4 throwing nets (quivered)
Armour
 b - a +3 scale mail (worn)
 k - a +0 cloak (worn)
Jewellery
 h - a ring of protection from cold (left hand)
 v - a ring of see invisible (right hand)
Wands
 l - a wand of flame (27)
 q - a wand of charming (10)
 w - a wand of digging (10)
Scrolls
 d - a scroll of teleportation
 i - a scroll of vulnerability
 m - 2 scrolls of enchant weapon
 p - a scroll of blinking
 r - 2 scrolls of enchant armour
 s - a scroll of fear {unknown}
 u - a scroll of magic mapping {unknown}
Potions
 c - a potion of attraction
 e - 3 potions of berserk rage {unknown}
 f - 4 potions of curing {unknown}
 g - a potion of lignification {unknown}
 j - 2 potions of brilliance {unknown}
 n - a potion of mutation {unknown}
 o - 3 potions of heal wounds {unknown}
 t - 2 potions of magic {unknown}
 z - a potion of might {unknown}


   Skills:
 + Level 9.9 Fighting
 + Level 12.7 Axes
 + Level 10.4 Armour
 + Level 6.2 Dodging
 + Level 2.8 Stealth


You had 9 spell levels left.
You didn't know any spells.
Your spell library was empty.

Dungeon Overview and Level Annotations

Branches:
Dungeon (9/15)             Temple (0/1) D:4           Sewer (visited)
   Lair: D:8-11         Orc: D:9-12

Altars:
Ashenzari
Cheibriados

Shops:
D:1 !   D:4 [(   D:6 (


Innate Abilities, Weirdness & Mutations

You have a pair of horns on your head.
You reflexively headbutt those who attack you in melee.


Message History

The centaur is moving more slowly.
The centaur barely misses you. You furiously retaliate!
You headbutt the centaur.
The centaur kicks you but does no damage.
The yak is engulfed in calcifying dust.
The yak stops moving altogether!
The centaur is engulfed in calcifying dust.
The centaur stops moving altogether!
The yak is engulfed in calcifying dust.
The yak is moving more slowly.
The yak completely misses you.
The yak is engulfed in calcifying dust.
As you read the scroll of teleportation, it crumbles to dust.
You feel strangely unstable.
The centaur is engulfed in calcifying dust.
The yak is engulfed in calcifying dust.
The yak stops moving altogether!
The centaur is engulfed in calcifying dust.
The yak is engulfed in calcifying dust. x2
The catoblepas gores you but does no damage.
The centaur is engulfed in calcifying dust.
Unknown command.
You hit the catoblepas but do no damage.
You headbutt the catoblepas, but do no damage.
You hit the yak. You freeze the yak.
The helpless yak fails to defend itself.
You hit the yak. You freeze the yak.
The helpless centaur fails to defend itself.
You slash the centaur! You freeze the centaur.
The yak is engulfed in calcifying dust.
The yak is moving more slowly.
The yak closely misses you.
The yak is engulfed in calcifying dust.
The catoblepas gores you!!
* * * LOW HITPOINT WARNING * * *
The yak is engulfed in calcifying dust.
Unknown command.
You hit the catoblepas but do no damage.
You headbutt the catoblepas.
The catoblepas is lightly wounded.
You hit the yak. You freeze the yak.
The helpless yak fails to defend itself.
You hit the yak but do no damage.
The helpless centaur fails to defend itself.
You slash the centaur! You freeze the centaur.
The yak is engulfed in calcifying dust.
The catoblepas gores you!!
You die...

###.# ## . ##
##$#...###.####
..####.###...#...#...#.##
...........>.............
........................)
.........................
.....!YY§..............).
......YcY†...........<.).
.>.....Y@§...............
.......YY§...............
.......§..§..............
....$..§..§..............
..######...##......#.###.
. ##..###.##.#...# # #...
###...#.## ##.## ##.####
## ###


You could see a catoblepas, 6 yaks and a centaur (petrified).

Vanquished Creatures
  Harold (D:8)
  A two-headed ogre (D:8)
  5 gargoyles (D:8)
  Grinder (D:4)
  Sigmund (D:2)
  5 yaks (D:9)
  A wyvern (D:8)
  A steam dragon (D:6)
  2 water moccasins
  Duvessa (D:5)
  3 ice beasts
  2 sky beasts
  2 ogres (D:4)
  3 black bears
  The ghost of Thraspic the Chopper, an amateur DgGl (D:3)
  2 centaurs
  A kobold brigand (D:9)
  2 gnoll sergeants (D:8)
  A bullfrog (D:7)
  A scorpion (D:4)
  Dowan (D:5)
  4 wights
  A howler monkey (D:6)
  A centaur zombie (D:9)
  A bullfrog zombie (D:6)
  2 gnoll shamans (D:8)
  3 jellies
  3 orc priests
  2 hounds
  2 bullfrog skeletons
  A centaur skeleton (D:5)
  Ijyb (D:3)
  6 iguanas
  3 orc wizards
  A scorpion zombie (D:5)
  A killer bee zombie (D:8)
  A hound skeleton (D:2)
  11 gnolls
  A howler monkey skeleton (D:7)
  9 adders
  A shadow imp (D:8)
  A white imp (D:5)
  3 ufetubi
  A worm (D:6)
  An adder skeleton (D:5)
  A dart slug (D:5)
  19 orcs
  6 ball pythons
  3 bats
  4 endoplasms
  10 giant cockroaches
  4 goblins
  4 hobgoblins
  8 jackals (Sewer)
  11 kobolds
  9 quokkas
  10 frilled lizards
  5 rats
193 creatures vanquished.

Vanquished Creatures (others)
  20 plants (Sewer)
20 creatures vanquished.

Grand Total: 213 creatures vanquished

Notes
Turn   | Place    | Note
-------+----------+-------------------------------------------
     0 | D:1      | mhtbhm the Minotaur Berserker began the quest for the Orb.
     0 | D:1      | Reached XP level 1. HP: 19/19 MP: 0/0
   261 | D:1      | Reached XP level 2. HP: 27/27 MP: 1/1
   408 | D:1      | Reached skill level 4 in Axes
   416 | D:1      | Found Toosac's Distillery.
   846 | D:2      | Reached XP level 3. HP: 31/33 MP: 2/2
   883 | D:2      | Noticed Sigmund
   889 | D:2      | Killed Sigmund
   890 | D:2      | Reached skill level 5 in Fighting
   890 | D:2      | Reached skill level 5 in Axes
   890 | D:2      | Reached XP level 4. HP: 42/42 MP: 3/3
   890 | D:2      | Reached XP level 5. HP: 48/48 MP: 4/4
  1847 | D:3      | Found a large runed translucent door.
  1847 | D:3      | Found a large runed translucent door.
  1851 | D:3      | Noticed Thraspic's ghost (amateur DgGl)
  1863 | D:3      | Reached ** piety under Trog
  1870 | D:3      | Killed Thraspic's ghost
  1871 | D:3      | Reached skill level 6 in Axes
  1871 | D:3      | Reached XP level 6. HP: 56/56 MP: 5/5
  2465 | D:3      | Noticed Ijyb
  2497 | D:3      | Killed Ijyb
  3073 | D:4      | Noticed Grinder
  3080 | D:4      | Reached skill level 7 in Axes
  3080 | D:4      | Reached skill level 1 in Stealth
  3080 | D:4      | Reached XP level 7. HP: 34/63 MP: 6/6
  3084 | D:4      | Paralysed by Grinder for 5 turns
  3090 | D:4      | Killed Grinder
  3621 | D:4      | Reached skill level 5 in Armour
  3640 | D:4      | Found Lamonala's Armour Shop.
  3717 | D:4      | Found a staircase to the Ecumenical Temple.
  3886 | D:4      | Found Ziwutet's Antique Weapon Emporium.
  3908 | D:4      | Bought a runed hand axe for 132 gold pieces
  3966 | D:5      | Entered Level 5 of the Dungeon
  3980 | D:5      | Reached *** piety under Trog
  4112 | D:5      | Reached skill level 8 in Axes
  4112 | D:5      | Reached XP level 8. HP: 51/71 MP: 7/7
  4709 | D:5      | Noticed Duvessa
  4709 | D:5      | Noticed Dowan
  4714 | D:5      | Killed Dowan
  4719 | D:5      | Killed Duvessa
  5267 | D:6      | Reached skill level 9 in Axes
  5304 | D:6      | Found Joischef's Weapon Shoppe.
  5587 | D:6      | Found a glowing drain.
  5598 | Sewer    | Entered a sewer
  5698 | Sewer    | Reached **** piety under Trog
  5800 | Sewer    | Reached XP level 9. HP: 79/79 MP: 8/8
  6786 | D:6      | Reached skill level 10 in Axes
  7169 | D:7      | Reached skill level 5 in Dodging
  7296 | D:7      | Found a broken altar of Ashenzari.
  8183 | D:8      | Noticed a two-headed ogre
  8188 | D:8      | Reached skill level 11 in Axes
  8196 | D:8      | Killed a two-headed ogre
  8197 | D:8      | Reached XP level 10. HP: 71/90 MP: 9/9
  8199 | D:8      | Found a snail-covered altar of Cheibriados.
  8435 | D:8      | Noticed a gargoyle
  8446 | D:8      | Killed a gargoyle
  8448 | D:8      | Identified the +4 rapier of Thoughtfulness {speed, Contam
                  | rPois rCorr Str+6}
  8679 | D:8      | Noticed a gargoyle
  8686 | D:8      | Killed a gargoyle
  8798 | D:8      | Noticed a gargoyle
  8812 | D:8      | Killed a gargoyle
  9178 | D:8      | Noticed a gargoyle
  9184 | D:8      | Killed a gargoyle
  9237 | D:8      | Noticed a gargoyle
  9249 | D:8      | Killed a gargoyle
  9250 | D:8      | Reached skill level 12 in Axes
  9487 | D:8      | Noticed Harold
  9503 | D:8      | Killed Harold
  9850 | D:8      | Reached skill level 10 in Armour
 10287 | D:9      | Noticed a catoblepas
 10305 | D:9      | Mangled by a catoblepas

Illustrated notes

Levels and vault maps discovered:
D:1:      wander_arrival_desolate, layout_basic, serial_shops,
          nicolae_shop_behind_doors
D:2:      layout_basic, serial_glass, glass_columns_a, glass_columns_a,
          uniq_sigmund
D:3:      layout_loops_ring, ebering_ghost_disaster_area, roderic_lattice_a,
          chequers_hall_statues_wall_a, uniq_ijyb
D:4:      layout_basic, temple_hall, serial_shops, nicolae_shop_behind_doors,
          kennysheep_mini_moat, hangedman_abyss_or_decor_passed, uniq_grinder
D:5:      layout_basic, uniq_duvessa
D:6:      layout_cave_pools, gup_sewer_entry_bubbles,
          nicolae_inconvenience_store, mrwooster_statue_mirror, minivault_27
D:7:      layout_cave_pools, mainiacjoe_overflow_small_starburst
D:8:      cheibrodos_statue_roulette, layout_basic, minmay_ruined_shrine,
          uniq_harold
D:9:      layout_cross, grunt_lair_entry_orc_guard_hut, serial_shops, shop,
          shop, nicolae_shop_stone, nicolae_shop_competitors_out_of_business

Skill      XL: |  1  2  3  4  5  6  7  8  9 10 |
---------------+-------------------------------+-----
Fighting       | 4 5 6 7 8 9 |  9.9
Axes           | 4 5 6 7 8 9 11 12 | 12.7
Dodging        | 3 4 5 6 |  6.2
Armour         | 3 5 7 8 10 | 10.4
Stealth        | 1 2 |  2.8

Action                   |  1- 3 |  4- 6 |  7- 9 | 10-12 || total
-------------------------+-------+-------+-------+-------++-------
Melee: Hand axe          |    26 |    93 |   342 |   109 ||   570
       Headbutt          |     7 |    20 |    68 |    27 ||   122
Invok: Berserk           |     1 |     1 |     6 |     5 ||    13
  Use: Scroll            |       |       |     7 |     2 ||     9
 Stab: Sleeping          |     1 |       |       |       ||     1
       Petrified         |       |       |       |     4 ||     4
       Petrifying        |       |       |       |     1 ||     1
Armor: Animal skin       |     3 |     1 |       |       ||     4
       Plate armour      |       |    25 |       |       ||    25
       Scale mail        |       |     4 |   157 |    27 ||   188
Dodge: Dodged            |    20 |    31 |   158 |    49 ||   258
